 Dungeon Crawl Stone Soup version 0.29-a0-892-g2c4c91d9db (webtiles) character file.

Game seed: 15123276752026630791

2889 Essalna the Destroyer (level 9, -14/48 HPs)
             Began as a Tengu Conjurer on July 22, 2022.
             Was a Believer of Hepliaklqana.
             Demolished by an iron troll (19 damage)
             ... on level 1 of the Lair of Beasts.
             The game lasted 00:17:53 (9506 turns).

Essalna the Destroyer (Tengu Conjurer)              Turns: 9506, Time: 00:17:54

Health: -14/48     AC:  6    Str:  7    XL:     9   Next: 77%
Magic:  0/17       EV: 16    Int: 24    God:    Hepliaklqana [**....]
Gold:   569        SH:  4    Dex: 12    Spells: 11/18 levels left

rFire   . . .      SeeInvis .   y - +5 long sword "Colofe" {spect, rElec}
rCold   . . .      Faith    .   o - +0 buckler
rNeg    . . .      Spirit   .   r - +2 robe {Will+}
rPois   .          Reflect  .   (helmet restricted)
rElec   +          Harm     .   i - +1 cloak
rCorr   .          Rampage  .   (no gloves)
Will    +....                   (boots unavailable)
Stlth   +++.......              (no amulet)
HPRegen 0.16/turn               (no ring)
MPRegen 0.15/turn               (no ring)

@: flying quickly and evasively, quick
A: reduced essence, beak, talons 3, nimble flight
a: Renounce Religion, Recall Ancestor, Ancestor Identity


You were on level 1 of the Lair of Beasts.
You worshipped Hepliaklqana.
Hepliaklqana was pleased with you.
You visited 3 branches of the dungeon, and saw 10 of its levels.

You collected 569 gold pieces.

Inventory:

Hand Weapons
 h - a +2 dagger of venom
 y - the +5 long sword "Colofe" (weapon) {spect, rElec}
   (You found it on level 7 of the Dungeon)

   When its wielder attacks, the weapon's spirit leaps out and strikes again.
   The spirit shares a part of any damage it takes with its wielder.
   rElec:     It insulates you from electricity.
Missiles
 u - 2 throwing nets
Armour
 a - a +0 robe
 i - a +1 cloak (worn)
 l - a +0 leather armour of poison resistance
 o - a +0 buckler (worn)
 r - a +2 robe of willpower (worn)
Magical Staves
 v - a staff of death
Wands
 c - a wand of flame (6)
 s - a wand of quicksilver (12)
 w - a wand of polymorph (3)
Scrolls
 e - a scroll of fog {unknown}
 j - 5 scrolls of teleportation
 p - 5 scrolls of identify
 q - 3 scrolls of amnesia {unknown}
 t - 2 scrolls of enchant armour
 B - a scroll of enchant weapon {unknown}
Potions
 b - 2 potions of magic
 d - a potion of might {unknown}
 f - a potion of attraction
 g - a potion of mutation
 k - 3 potions of flight {unknown}
 m - 3 potions of curing
 n - 4 potions of heal wounds {unknown}
 x - 2 potions of brilliance {unknown}
 z - a potion of ambrosia {unknown}
 A - a potion of berserk rage {unknown}
 C - a potion of invisibility {unknown}


   Skills:
 + Level 5.1 Fighting
 + Level 6.2 Dodging
 - Level 5.0 Stealth
 + Level 3.7 Shields
 + Level 5.2 Spellcasting
 + Level 8.8 Conjurations
 + Level 3.9 Translocations


You had 11 spell levels left.
You knew the following spells:

 Your Spells              Type           Power      Damage    Failure   Level
a - Magic Dart            Conj           100%       1d8       1%          1
b - Searing Ray           Conj           96%        2d7       1%          2
c - Iskenderun's Mystic   Conj/Tloc      36%        2d9       9%          4

Your spell library contained the following spells:

 Spells                   Type           Power      Damage    Failure   Level
 Dazzling Flash           Conj/Hex       54%        N/A       5%          3
 Gell's Gravitas          Tloc           25%        N/A       7%          3
 Lesser Beckoning         Tloc           25%        N/A       7%          3
 Teleport Other           Tloc           25%        N/A       7%          3
 Portal Projectile        Hex/Tloc       30%        N/A       16%         3
 Fulminant Prism          Conj/Hex       13%        3d9       19%         4
 Confusing Touch          Hex            6%         N/A       34%         3
 Frozen Ramparts          Ice            12%        1d3       34%         3
 Tukima's Dance           Hex            6%         N/A       34%         3
 Animate Armour           Summ/Erth      12%        N/A       75%         4
 Ice Form                 Ice/Tmut       6%         N/A       75%         4
 Summon Ice Beast         Ice/Summ       6%         N/A       75%         4
 Iron Shot                Conj/Erth      13%        9d3       96%         6
 Blade Hands              Tmut           3%         N/A       97%         5
 Yara's Violent Unravell  Hex/Tmut       3%         3d4       97%         5
 Enfeeble                 Hex            3%         N/A       100%        7


Dungeon Overview and Level Annotations

Branches:
Dungeon (8/15)             Temple (1/1) D:5            Lair (1/5) D:8

Altars:
Cheibriados
Elyvilon
Fedhas
Gozag
Hepliaklqana
Kikubaaqudgha
Makhleb
Nemelex Xobeh
Okawaru
Qazlal
Ru
Sif Muna
Trog
Uskayaw
Wu Jian
Xom
Yredelemnul
Zin
The Shining One

Shops:
D:4 *   D:5 *   D:6 :


Innate Abilities, Weirdness & Mutations

Your life essence is reduced to manifest your ancestor. (-10% HP)
You have a beak for a mouth.
You have claws for feet.
Your magical nature lets you fly swiftly and evasively.


Message History

You finish channelling your searing ray.
Hrothgar hits the iron troll with a +0 flail.
Casting: Searing Ray (safe; 1% risk of failure)
Confirm with . or Enter, or press ? or * to list all spells.
Aiming: Searing Ray (safe; 1% risk of failure)
Press: ? - help, Shift-Dir - straight line, f/p - iron troll
Aim: an iron troll (lightly wounded, ally target, 96% to hit)
Hrothgar avoids your attack.
The searing ray hits the iron troll.
The iron troll is moderately wounded. (Press . to maintain the ray.) Hrothgar hits the iron troll with a +0 flail!
The iron troll bites Hrothgar!!
Hrothgar is destroyed!
The searing ray hits the iron troll but does no damage.
The iron troll is moderately wounded.
The searing ray hits the iron troll but does no damage.
The iron troll is moderately wounded.
The searing ray hits the iron troll.
The iron troll is moderately wounded.
You finish channelling your searing ray.
Casting: Searing Ray (safe; 1% risk of failure)
Confirm with . or Enter, or press ? or * to list all spells.
You erupt in a blast of force!
The mystic blast hits the iron troll but does no damage.
The iron troll is moderately wounded.
Casting: Iskenderun's Mystic Blast (dangerous; 9% risk of failure)
Confirm with . or Enter, or press ? or * to list all spells.
You erupt in a blast of force!
The mystic blast hits the iron troll but does no damage.
The iron troll is moderately wounded.
Casting: Iskenderun's Mystic Blast (dangerous; 9% risk of failure)
Confirm with . or Enter, or press ? or * to list all spells.
You don't have enough magic to cast this spell.
There is a staircase back to the Dungeon here.
The iron troll bites you!!
Ouch! That really hurt!
The iron troll claws you!
* * * LOW HITPOINT WARNING * * *
The iron troll claws you!!
You die...

.##
..####
.....
#.#.#
#.P.#
#...#
#...#
#T..#
#@.##
#..#
.#.#
.. .#
... ..
....
..#
.....
...
....#.
...#


You could see an iron troll.

Vanquished Creatures
  Sigmund (D:4)
  Eustachio (D:5)
  An acid dragon (D:8)
  An ice beast (D:4)
  2 sky beasts (D:7)
  2 black bears
  2 centaurs
  An ogre (D:7)
  A phantom (D:6)
  3 gnoll sergeants (D:6)
  A bullfrog (D:6)
  3 scorpions
  2 wights (D:8)
  3 killer bees (D:8)
  An orc priest (D:5)
  9 hounds
  4 gnoll boudas (D:6)
  2 iguanas
  2 orc wizards
  Robin (D:2)
  17 gnolls
  2 adders
  3 white imps (D:6)
  2 worms (D:2)
  2 dart slugs
  14 orcs
  5 endoplasms
  3 giant cockroaches
  6 hobgoblins
  A jackal (D:6)
  3 quokkas
  5 ball pythons
  3 bats
  5 frilled lizards
  8 goblins
  5 kobolds
  7 rats
134 creatures vanquished.

Vanquished Creatures (collateral kills)
  3 wights (D:8)
  2 hounds (D:6)
  A gnoll bouda (D:6)
6 creatures vanquished.

Vanquished Creatures (others)
  A knight (Lair:1)
  A butterfly (D:6)
  A fungus (D:8)
  3 plants
6 creatures vanquished.

Grand Total: 146 creatures vanquished

Notes
Turn   | Place    | Note
-------+----------+-------------------------------------------
     0 | D:1      | Essalna the Tengu Conjurer began the quest for the Orb.
     0 | D:1      | Reached XP level 1. HP: 10/10 MP: 4/4
   368 | D:1      | Reached XP level 2. HP: 16/16 MP: 3/6
   573 | D:1      | Learned a level 2 spell: Searing Ray
  1211 | D:2      | Found a faded altar of an unknown god.
  1252 | D:2      | Noticed Robin
  1256 | D:2      | Reached skill level 1 in Fighting
  1256 | D:2      | Reached XP level 3. HP: 20/20 MP: 2/7
  1420 | D:2      | Killed Robin
  1971 | D:2      | Reached XP level 4. HP: 25/25 MP: 6/8
  2470 | D:3      | Reached skill level 6 in Conjurations
  2696 | D:3      | Learned a level 4 spell: Iskenderun's Mystic Blast
  2890 | D:4      | Gained mutation: Your magical nature lets you fly swiftly
                  | and evasively. [Tengu growth]
  2890 | D:4      | Reached XP level 5. HP: 30/30 MP: 6/10
  2992 | D:4      | Found an ancient bone altar of Kikubaaqudgha.
  3004 | D:4      | Noticed a black bear
  3010 | D:4      | Killed a black bear
  3105 | D:4      | Reached XP level 6. HP: 35/35 MP: 6/11
  3106 | D:4      | Noticed Sigmund
  3231 | D:4      | Killed Sigmund
  3232 | D:4      | Reached skill level 1 in Translocations
  3422 | D:4      | Found an opulent altar of Gozag.
  3423 | D:4      | Found Gozag's Platinum Reserve.
  3495 | D:4      | Reached XP level 7. HP: 40/40 MP: 7/12
  3548 | D:4      | Found a sacrificial altar of Ru.
  3778 | D:4      | Found a blossoming altar of Fedhas.
  3835 | D:5      | Entered Level 5 of the Dungeon
  4063 | D:5      | Noticed Eustachio
  4086 | D:5      | Killed Eustachio
  4087 | D:5      | Reached skill level 7 in Conjurations
  4433 | D:5      | Found a staircase to the Ecumenical Temple.
  4440 | Temple   | Entered the Ecumenical Temple
  4447 | Temple   | Became a worshipper of Hepliaklqana the Forgotten
  4494 | D:5      | Reached XP level 8. HP: 46/46 MP: 5/14
  4697 | D:5      | Reached skill level 1 in Shields
  4882 | D:5      | Found Izeelimp's Overcharged Wands.
  5172 | D:5      | Found an iron altar of Okawaru.
  5401 | D:6      | Found a sparkling altar of Nemelex Xobeh.
  5590 | D:6      | Found Manorph's Book Shoppe.
  5867 | D:6      | Reached skill level 5 in Dodging
  5887 | D:6      | Found a basalt altar of Yredelemnul.
  6129 | D:6      | Found a white marble altar of Elyvilon.
  6394 | D:6      | Reached * piety under Hepliaklqana
  6434 | D:6      | Reached skill level 5 in Stealth
  6977 | D:6      | Reached skill level 8 in Conjurations
  6977 | D:6      | Reached XP level 9. HP: 34/46 MP: 1/16
  7110 | D:6      | Found a snail-covered altar of Cheibriados.
  7113 | D:6      | Found a shimmering blue altar of Sif Muna.
  7113 | D:6      | Found a shimmering altar of Xom.
  7115 | D:6      | Found a shimmering altar of Xom.
  7115 | D:6      | Found a sacrificial altar of Ru.
  7115 | D:6      | Found a snail-covered altar of Cheibriados.
  7461 | D:6      | Found a stormy altar of Qazlal.
  8043 | D:7      | Identified the +5 long sword "Colofe" {spect, rElec}
  8241 | D:7      | Found a glowing golden altar of the Shining One.
  8372 | D:8      | Found a hide-covered altar of Uskayaw.
  8455 | D:8      | Found a staircase to the Lair.
  8565 | D:8      | Found a shimmering blue altar of Sif Muna.
  8571 | D:8      | Reached skill level 5 in Spellcasting
  8637 | D:8      | Reached skill level 5 in Fighting
  8830 | D:8      | Reached ** piety under Hepliaklqana
  8832 | D:8      | Remembered your ancestor Hrothgar as a knight
  9491 | Lair:1   | Entered Level 1 of the Lair of Beasts
  9491 | Lair:1   | Noticed a boulder beetle
  9492 | Lair:1   | Noticed an iron troll
  9492 | Lair:1   | a boulder beetle changed into an iron troll
  9506 | Lair:1   | Demolished by an iron troll

Illustrated notes

Levels and vault maps discovered:
D:1:      lemuel_arrival_room, layout_loops_corners, hangedman_glass_teeth
D:2:      layout_loops_ring, hellmonk_ecumenical_altar_leap_of_faith, uniq_robin
D:3:      layout_basic, minmay_misc_feat_four_crosses
D:4:      layout_rooms, mainiacjoe_overflow_brackets,
          nicolae_gozag_zags_fifth_avenue, nicolae_ru_path_of_blood,
          nicolae_kikubaaqudgha_miasma_corner, uniq_sigmund
D:5:      wander_river, layout_basic, marbit_many_paths,
          minmay_temple_entry_ruins, serial_bayou_pond_d,
          nicolae_shop_overcharged_wands, uniq_eustachio
D:6:      layout_cave_pools, mainiacjoe_overflow_alcove_1,
          nicolae_elyvilon_peaceful_grove, doesnt_xom_only_xom,
          lemuel_tele_altar, mainiacjoe_overflow_alcove_4, serial_shops,
          nicolae_shop_crystal, serial_gnoll_camp, gnoll_camp_mini_hut,
          gnoll_camp_mini_hut, gnoll_camp_mini_sergeant, gnoll_camp_mini_basic,
          gnoll_camp_huts_basic, gnoll_camp_mini_house
D:7:      layout_rooms, amcnicky_altar_gilded
D:8:      layout_loops_ring, overflow_temple_1_default,
          mainiacjoe_overflow_six_doors_small, dpeg_oklobed_lair,
          small_statue_alley_b
Temple:   hellmonk_temple_micro_hex
Lair:1:   layout_misc_corridors, enter_volcano_3, chequers_serial_rivers_micro_a

Skill      XL: |  1  2  3  4  5  6  7  8  9 |
---------------+----------------------------+-----
Fighting       | 1 2 3 4 5 |  5.1
Dodging        | 3 4 5 6 |  6.2
Conjurations   | 6 7 8 |  8.8
Stealth        | 3 4 5 |  5.0
Spellcasting   | 3 4 5 |  5.2
Translocations | 1 2 3 |  3.9
Shields        | 2 3 |  3.7

Action                   |  1- 3 |  4- 6 |  7- 9 || total
-------------------------+-------+-------+-------++-------
Melee: Unarmed           |     2 |       |       ||     2
       Kick              |     1 |       |    22 ||    23
       Peck              |     1 |       |    10 ||    11
       Dagger            |       |       |    28 ||    28
       Long sword        |       |       |    19 ||    19
 Cast: Magic Dart        |    56 |    66 |   178 ||   300
       Searing Ray       |     4 |     3 |    26 ||    33
       Iskenderun's Myst |       |       |     5 ||     5
Invok: Recall Ancestor   |       |       |     1 ||     1
       Ancestor Life: Kn |       |       |     1 ||     1
Evoke: Wand              |       |       |     2 ||     2
  Use: Scroll            |       |    10 |       ||    10
 Stab: Sleeping          |       |       |     2 ||     2
Armor: Robe              |       |     1 |    24 ||    25
Dodge: Dodged            |     7 |     7 |    93 ||   107
Block: Buckler           |       |       |    19 ||    19

Table legend: (Time is in decaauts)
 A = Elapsed time spent in this place.
 B = Non-inter-level travel time spent in this place.
 C = Inter-level travel time spent in this place.
 D = Time resting spent in this place.
 E = Time spent auto-exploring this place.
 F = Levels seen in this place.
 G = Mean time per level.
                   A        B        C        D        E       F      G
               +--------+--------+--------+--------+--------+-----+--------+
         Total |   9191 |   8790 |    401 |    301 |   7511 |  10 |  919.1 |
       Dungeon |   9163 |   8768 |    395 |    301 |   7511 |   8 | 1145.4 |
        Temple |     13 |      8 |      5 |      0 |      0 |   1 |   13.0 |
          Lair |     14 |     14 |      0 |      0 |      0 |   1 |   14.0 |
               +--------+--------+--------+--------+--------+-----+--------+

Top non-repeatable levels by time:
     D:6: 1967 daAuts
     D:5: 1341 daAuts
     D:4: 1203 daAuts
     D:1: 1193 daAuts
     D:2: 1101 daAuts
     D:8: 1075 daAuts
     D:7: 679 daAuts
     D:3: 601 daAuts
  Lair:1: 14 daAuts
  Temple: 13 daAuts
